 Dungeon Crawl Stone Soup version 0.26-a0-30-g56b8cd3df0 (webtiles) character file.

Game seed: 14844816399827913664, levelgen mode: classic

5915 EnegeticOcto the Fighter (level 10, 94/94 HPs)
             Began as a Minotaur Fighter on June 2, 2020.
             Was an Initiate of Gozag.
             Quit the game on level 10 of the Dungeon.
             The game lasted 00:04:57 (10011 turns).

EnegeticOcto the Fighter (Minotaur Fighter)        Turns: 10011, Time: 00:04:57

Health: 94/94      AC: 16    Str: 24    XL:     10   Next: 53%
Magic:  9/9        EV:  8    Int:  5    God:    Gozag
Gold:   672        SH: 16    Dex: 10    Spells: 9/9 levels left

rFire    . . .     SeeInvis .   a - +1 war axe
rCold    . . .     Gourm    .   c - +0 kite shield
rNeg     . . .     Faith    .   d - +0 plate armour
rPois    +         Spirit   .   (helmet restricted)
rElec    .         Reflect  +   (no cloak)
rCorr    .         Harm     .   b - +1 pair of gloves
MR       .....                  (no boots)
Stlth    ..........             w - amulet of reflection
HPRegen  0.25/turn              z - ring of poison resistance
MPRegen  0.11/turn              q - ring of attention (curse)

@: no status effects
A: retaliatory headbutt, horns 2
a: Potion Petition, Call Merchant, Bribe Branch, Renounce Religion


You were on level 10 of the Dungeon.
You worshipped Gozag.
Gozag was pleased with you.
You were not hungry.

You visited 2 branches of the dungeon, and saw 11 of its levels.

You collected 1119 gold pieces.
You spent 304 gold pieces at shops.
You paid 143 gold pieces to Gozag.

Inventory:

Hand Weapons
 a - a +1 war axe (weapon)
Armour
 b - a +1 pair of gloves (worn)
 c - a +0 kite shield (worn)
 d - a +0 plate armour (worn)
Jewellery
 o - an uncursed ring of protection from fire
 q - a cursed ring of attention (right hand)
 v - an uncursed ring of see invisible
 w - an amulet of reflection (around neck)
 z - a ring of poison resistance (left hand)
Wands
 j - a wand of polymorph (8)
 p - a wand of acid (5) {@v1}
 r - a wand of clouds (7)
 t - a wand of paralysis (9)
 y - a wand of disintegration (8)
Scrolls
 f - 2 scrolls of fog
 h - 4 scrolls of teleportation {@r2}
 u - 3 scrolls of identify {@r1}
Potions
 g - 3 potions of lignification {@q7}
 i - 2 potions of cancellation
 k - 2 potions of might {@q3}
 l - a potion of curing {@q1}
 m - a potion of resistance {@q6}
 n - 2 potions of haste {@q4}
 s - 3 potions of heal wounds {@q2}
 x - a potion of berserk rage
Comestibles
 e - 16 rations


   Skills:
 * Level 10.7 Fighting
 * Level 10.4 Axes
 + Level 8.1 Armour
 + Level 6.4 Dodging
 + Level 8.0 Shields


You had 9 spell levels left.
You didn't know any spells.
Your spell library contained the following spells:

 Spells                   Type           Power        Failure   Level  Hunger
 Magic Dart               Conj           #...         100%        1    ##.....
 Searing Ray              Conj           #.....       100%        2    ###....
 Dazzling Flash           Conj/Hex       #.....       100%        3    ####...
 Fulminant Prism          Conj/Hex       #.........   100%        4    #####..
 Iskenderun's Mystic Bla  Conj/Tloc      #.......     100%        4    #####..


Dungeon Overview and Level Annotations

Branches:
Dungeon (10/15)            Temple (1/1) D:6
   Lair: D:8-11         Orc: D:9-12

Altars:
Ashenzari
Cheibriados
Elyvilon
Fedhas
Gozag
Hepliaklqana
Kikubaaqudgha
Makhleb
Nemelex Xobeh
Qazlal
Ru
Sif Muna
Trog
Uskayaw
Vehumet
Wu Jian
Xom
Yredelemnul
Zin
The Shining One
Beogh

Shops:
D:6 *   D:9 *!

Annotations:
D:10 1 runed translucent door


Innate Abilities, Weirdness & Mutations

You reflexively headbutt those who attack you in melee.
You have a pair of horns on your head.


Message History

No target in view!
No target in view!
Done exploring.
Done exploring.
Okay, then.
(D) Dungeon (T) Temple
Where to? (Enter - D:9, ? - help)
There is an open door here.
There is a stone staircase leading up here.
There is an open door here.
There is a stone staircase leading down here.
You climb downwards.
A bullfrog and a shadow imp come into view.
The shadow imp shouts!
The bullfrog gives a loud, deep croak!
Found a leather armour, a robe and a worn bronze wand.
Found a stone staircase leading down.
There is a stone staircase leading up here.
There are monsters nearby!
There are monsters nearby!
A necrophage comes into view.
The shadow imp hits you but does no damage.
Found a ration.
Found a runed translucent door.
Your plate armour prevents you from hitting the shadow imp.
You headbutt the shadow imp!
The shadow imp is severely wounded.
You slice the shadow imp!!
You kill the shadow imp!
An ice beast comes into view.
You hit the bullfrog.
The bullfrog is moderately wounded.
You block the bullfrog's attack.
You hit the bullfrog.
The bullfrog is moderately wounded.
You block the bullfrog's attack. The bullfrog hits you.
You slash the bullfrog!
The bullfrog is almost dead.
You block the bullfrog's attack.
You slice the bullfrog!!
You kill the bullfrog!
The necrophage becomes distracted by the nearby gold, dreaming of imaginary riches.
Found a ruby ring.
Your shield and plate armour prevent you from hitting the necrophage.
The necrophage is no longer distracted by gold.
You headbutt the necrophage.
The necrophage is lightly damaged.
The necrophage barely misses you.
You closely miss the necrophage.
The necrophage is lightly damaged.
You block the necrophage's attack.
You slash the necrophage!
The necrophage is heavily damaged.
You hit the ice beast. You block the necrophage's attack.
The ice beast becomes distracted by the nearby gold, dreaming of imaginary riches.
The necrophage barely misses you. You furiously retaliate!
You headbutt the necrophage. You slash the necrophage!
The necrophage is almost destroyed.
You hit the ice beast.
The ice beast is no longer distracted by gold.
You closely miss the necrophage.
The necrophage is almost destroyed.
You hit the ice beast but do no damage. You block the necrophage's attack.
The ice beast closely misses you. You block the necrophage's attack.
The ice beast barely misses you. You furiously retaliate!
You headbutt the ice beast.
Your shield and plate armour prevent you from hitting the necrophage.
The necrophage is almost destroyed.
You hit the ice beast. The necrophage closely misses you.
You furiously retaliate!
You headbutt the necrophage!
You destroy the necrophage!
Your Shields skill increases to level 8!
The ice beast completely misses you.
You slash the ice beast!
You kill the ice beast!
No target in view!
No target in view!
HP restored.
You now have 658 gold pieces (gained 17).
You now have 662 gold pieces (gained 4).
There is a stone staircase leading up here.
You now have 668 gold pieces (gained 6).
You now have 672 gold pieces (gained 4).
y - a wand of disintegration (8)
z - a ruby ring No target in view!
No target in view!
No target in view!
No target in view!
No target in view!
No target in view!
No target in view!
No target in view!
No target in view!
No target in view!
You remove your ring of protection from fire.
v - a ring of see invisible (left hand)
You remove your ring of see invisible.
z - a ring of poison resistance (left hand)
You don't have any unidentified items.
Are you sure you want to abandon this character and quit the game? (Confirm with "yes".)

#############
#...........###...
#...@........#...#
#................
#............##.#
#............#.. .#
#............#.##%##.
#............#.+..+..
#......>.......##
#....[.......#..#
#...........<...#


There were no monsters in sight!

Vanquished Creatures
  Erolcha (D:9)
  2 hippogriffs
  Sigmund (D:3)
  A spriggan (D:7)
  Grum (D:9)
  A hungry ghost (D:8)
  2 water moccasins (D:7)
  2 ice beasts
  A hornet zombie (D:8)
  2 sky beasts
  3 orc warriors
  A necrophage (D:10)
  3 ogres
  4 wolves (D:9)
  4 centaurs
  4 bullfrogs
  A big kobold (D:8)
  4 wights (D:8)
  3 howler monkeys
  5 crimson imps
  A bullfrog zombie (D:8)
  3 hounds
  A centaur skeleton (D:4)
  An iguana (D:9)
  5 orc priests
  3 jellies
  11 orc wizards
  A gnoll shaman (D:6)
  10 worker ants
  A hound skeleton (D:7)
  2 hound zombies
  A mummy (D:8)
  A howler monkey zombie (D:8)
  12 gnolls
  14 adders
  2 shadow imps
  2 oozes
  An adder zombie (D:5)
  3 adder skeletons
  2 worms
  2 dart slugs
  4 leopard geckos
  51 orcs
  4 bats
  5 giant cockroaches
  9 goblins
  7 hobgoblins
  22 jackals
  9 kobolds
  7 quokkas
  A ball python (D:2)
  9 frilled lizards
  A hobgoblin zombie (D:8)
  2 kobold zombies (D:8)
  A leopard gecko skeleton (D:7)
  An orc zombie (D:8)
  A quokka skeleton (D:8)
  6 rats
265 creatures vanquished.

Vanquished Creatures (others)
  An orc wizard (D:7)
1 creature vanquished.

Grand Total: 266 creatures vanquished

Notes
Turn   | Place    | Note
-------+----------+-------------------------------------------
     0 | D:1      | EnegeticOcto the Minotaur Fighter began the quest for the
                  | Orb.
     0 | D:1      | Reached XP level 1. HP: 19/19 MP: 0/0
   257 | D:1      | Reached XP level 2. HP: 23/27 MP: 1/1
   806 | D:2      | Reached XP level 3. HP: 33/33 MP: 2/2
   862 | D:2      | Reached skill level 1 in Dodging
   942 | D:2      | Found a blossoming altar of Fedhas.
  1493 | D:3      | Reached XP level 4. HP: 39/41 MP: 3/3
  2024 | D:3      | Noticed Sigmund
  2044 | D:3      | Killed Sigmund
  2044 | D:3      | Reached skill level 5 in Fighting
  2044 | D:3      | Reached XP level 5. HP: 32/48 MP: 4/4
  2265 | D:3      | Reached XP level 6. HP: 53/56 MP: 5/5
  2712 | D:4      | Found a hazy altar of Hepliaklqana.
  3551 | D:4      | Reached skill level 5 in Axes
  3686 | D:4      | Found a roughly hewn altar of Beogh.
  3852 | D:4      | Reached skill level 5 in Armour
  4063 | D:4      | Reached XP level 7. HP: 62/62 MP: 6/6
  4087 | D:5      | Entered Level 5 of the Dungeon
  4144 | D:5      | Reached skill level 5 in Shields
  4427 | D:5      | Found a bloodstained altar of Trog.
  4886 | D:5      | Reached XP level 8. HP: 71/71 MP: 7/7
  5554 | D:6      | Found a shattered altar of Ashenzari.
  5959 | D:6      | Noticed a hippogriff
  5975 | D:6      | Killed a hippogriff
  6066 | D:6      | Reached XP level 9. HP: 73/82 MP: 8/8
  6102 | D:6      | Found Cuinaimu's General Store.
  6161 | D:6      | Found a shimmering altar of Xom.
  6167 | D:6      | Found a shimmering altar of Xom.
  6270 | D:6      | Found a staircase to the Ecumenical Temple.
  6483 | D:7      | Reached skill level 5 in Dodging
  6826 | D:7      | Found an ornate altar of the Wu Jian Council.
  6827 | D:7      | Found a sparkling altar of Nemelex Xobeh.
  7132 | D:7      | Found a shimmering altar of Xom.
  7410 | Temple   | Entered the Ecumenical Temple
  7423 | Temple   | Became a worshipper of Gozag Ym Sagoz the Greedy
  7529 | D:7      | Found a hide-covered altar of Uskayaw.
  8192 | D:8      | Reached XP level 10. HP: 93/93 MP: 9/9
  8235 | D:8      | Found an opulent altar of Gozag.
  8276 | D:8      | Reached skill level 10 in Fighting
  8416 | D:8      | Found a glowing golden altar of the Shining One.
  8424 | D:8      | Found a basalt altar of Yredelemnul.
  8602 | D:8      | Noticed an angel
  9109 | D:9      | Noticed Grum
  9133 | D:9      | Found Fiaruitz's Distillery.
  9133 | D:9      | Found a glowing silver altar of Zin.
  9364 | D:9      | Found Zin's Purification Station.
  9365 | D:9      | Bought a potion of resistance for 160 gold pieces
  9365 | D:9      | Bought a potion of heal wounds for 80 gold pieces
  9365 | D:9      | Bought a potion of might for 64 gold pieces
  9438 | D:9      | Found a sparkling altar of Nemelex Xobeh.
  9497 | D:9      | Killed Grum
  9537 | D:9      | Reached skill level 10 in Axes
  9640 | D:9      | Noticed Erolcha
  9653 | D:9      | Killed Erolcha
  9968 | D:10     | Entered Level 10 of the Dungeon
  9969 | D:10     | Found a runed translucent door.
 10011 | D:10     | Quit the game

Illustrated notes

Levels and vault maps discovered:
D:1:      psy_arrival_conway, layout_basic
D:2:      layout_loops_ring, fedhas_altar_2
D:3:      layout_basic, uniq_sigmund
D:4:      layout_basic, overflow_temple_1_default, serial_co_window_serial,
          co_window_paths_b, co_window_cross_1, co_window_paths_a,
          co_window_paths_a, co_window_corner_a, co_window_unsneaky_path_a,
          co_window_corner_b, co_window_2corner, co_window_unsneaky_path_b,
          co_window_paths_c, co_window_paths_d, glass_columns_a, st_stairs_7,
          kennysheep_orc_chapel
D:5:      layout_basic, old_standard_altar, first_ration, minmay_crystal_room
D:6:      layout_cave_pools, cheibrodos_ashenzari_chains,
          minmay_temple_entry_from_below_a, serial_shops, shop, xom_redecorated
D:7:      layout_loops_ring, marbit_many_paths, nicolae_overflow_hidden_temple,
          basic_altar, the_bakery
D:8:      layout_loops_ring, grunt_temple_overflow_holy_war, basic_altar,
          minmay_mini_ossuary
D:9:      layout_gridville, zin_purify, serial_shops, nicolae_shop_stone,
          nemelex_lonely_heart_becter, uniq_grum, uniq_erolcha
D:10:     layout_basic, lair_entry_dummy, orc_0_dummy,
          minmay_statue_crystal_thing
Temple:   cyrus_circular_temple

Skill      XL: |  1  2  3  4  5  6  7  8  9 10 |
---------------+-------------------------------+-----
Fighting       | 4 5 6 8 9 10 | 10.7
Axes           | 3 4 5 6 7 9 10 | 10.4
Dodging        | 1 2 3 4 5 6 |  6.4
Armour         | 4 5 6 7 8 |  8.1
Shields        | 4 5 6 7 8 |  8.0

Action                   |  1- 3 |  4- 6 |  7- 9 | 10-12 || total
-------------------------+-------+-------+-------+-------++-------
Melee: War axe           |    68 |   178 |   306 |   114 ||   666
       Headbutt          |     8 |    36 |    61 |    21 ||   126
Invok: Potion Petition   |       |       |       |     1 ||     1
  Use: Scroll            |     4 |       |     5 |     7 ||    16
       Potion            |       |     1 |       |       ||     1
 Stab: Distracted        |       |       |     1 |       ||     1
  Eat: Chunk             |     2 |     8 |    11 |       ||    21
       Ration            |       |       |     5 |       ||     5
Armor: Scale mail        |    21 |       |       |       ||    21
       Chain mail        |     7 |   100 |    98 |       ||   205
       Plate armour      |       |       |    71 |    42 ||   113
Dodge: Dodged            |    33 |    55 |   102 |    37 ||   227
Block: Kite shield       |    42 |    92 |   197 |    79 ||   410
       Reflection        |       |       |       |     2 ||     2

Table legend:
 A = Non-vault XP
 B = Vault XP
 C = Vault XP percentage of total XP
 D = Non-vault monster count
 E = Vault monster count
 F = Vault count percentage of total count
                 A         B        C        D         E       F
            +---------+---------+-------+---------+---------+-------
      Total |    6189 |    2262 |  26.8 |     245 |      21 |   7.9
            +---------+---------+-------+---------+---------+-------
        D:1 |      22 |       0 |   0.0 |      13 |       0 |   0.0
        D:2 |      60 |       0 |   0.0 |      18 |       0 |   0.0
        D:3 |     164 |     212 |  56.4 |      34 |       1 |   2.9
        D:4 |     210 |      91 |  30.2 |      26 |       7 |  21.2
        D:5 |     841 |       0 |   0.0 |      23 |       0 |   0.0
        D:6 |    1380 |       0 |   0.0 |      39 |       0 |   0.0
        D:7 |     938 |     259 |  21.6 |      29 |       2 |   6.5
        D:8 |    1552 |      22 |   1.4 |      32 |       5 |  13.5
        D:9 |     669 |    1678 |  71.5 |      27 |       6 |  18.2
       D:10 |     353 |       0 |   0.0 |       4 |       0 |   0.0
            +---------+---------+-------+---------+---------+-------
